Sabres vs Avalanche

Created - 1 mars 2018 at 21:36

Goals
1 2 3 OT1 T
Sabres 0 2 0 1 3
Avalanche 1 1 0 0 2
Shots
1 2 3 OT1 T
Sabres 8 10 5 2 25
Avalanche 8 8 16 0 32

1st period

1. Avalanche , Kevin Shattenkirk 12 (Martin Hanzal 30, Mitch Marner 27) at 3:29 (PP)

Penalties :
Tyler Myers (BUF) for Tripping (Minor) at 2:34, Adam Pelech (BUF) for Slashing (Minor) at 12:59

2nd period

2. Avalanche , Dylan Larkin 9 (Jaccob Slavin 20, Kevin Shattenkirk 34) at 9:21
3. Sabres , Anders Lee 22 (Rasmus Ristolainen 35, Nino Niederreiter 33) at 10:00
4. Sabres , Remi Elie 1 (Hunter Shinkaruk 2, Ryan Murray 5) at 19:07

Penalties :
Josh Bailey (BUF) for Slashing (Minor) at 3:44, Adam Pelech (BUF) for Hooking (Minor) at 15:45

3rd period

No Goal

Penalties :
Rasmus Ristolainen (BUF) for Hooking (Minor) at 0:03, Matt Murray (BUF) for Slashing (Minor) at 11:25 - Anders Lee served the penalty., Dan Girardi (BUF) for Hooking (Minor) at 16:05

Overtime #1

5. Sabres , Brandon Saad 33 (Jean-Gabriel Pageau 28) at 0:26

Penalties :
No Penalty

Goalie Stats

Matt Murray (BUF), 30 saves from 32 shots - (0.938), W, 10-7-3, 60:27 minutes
Jimmy Howard (COL), 22 saves from 25 shots - (0.880), OTL, 14-8-3, 60:27 minutes

Players Stats for Sabres

Player Name              G  A  P  +/- PIM S  H  SB GA TA FO     MP     PP MP  PK MP  
------------------------------------------------------------------------------------
Adam Pelech              0  0  0   1  4   0  0  0  0  0  0/0    14:42   0:00   1:43 
Anders Lee               1  0  1   1  0   4  0  0  0  0  0/0    16:17   0:00   0:34 
Brandon Saad             1  0  1   0  0   3  2  0  0  0  1/1    14:49   0:00   0:00 
Brett Connolly           0  0  0   1  0   0  0  0  0  0  0/0     7:47   0:00   0:58 
Dan Girardi              0  0  0   1  2   0  2  1  0  0  0/0    22:09   0:00   5:10 
Hunter Shinkaruk         0  1  1   1  0   0  0  0  0  0  0/4     6:49   0:00   0:00 
Jake McCabe              0  0  0  -1  0   0  0  0  0  0  0/0    22:52   0:00   5:53 
Jason Zucker             0  0  0   0  0   1  0  0  0  0  0/1     9:56   0:00   0:00 
Jean-Gabriel Pageau      0  1  1   1  0   3  0  0  0  0  19/31  18:12   0:00   7:49 
Josh Bailey              0  0  0  -1  2   1  0  0  0  0  1/2    18:39   0:00   3:57 
Kyle Turris              0  0  0   1  0   3  0  0  0  0  8/18   16:07   0:00   0:03 
Nino Niederreiter        0  1  1   1  0   2  0  1  0  0  2/4    15:43   0:00   0:00 
Rasmus Ristolainen       0  1  1   2  2   1  2  4  0  0  0/0    23:15   0:00   5:59 
Remi Elie                1  0  1   1  0   2  1  0  0  0  0/1     6:49   0:00   0:00 
Ryan Murray              0  1  1   1  0   0  1  3  0  0  0/0    19:44   0:00   6:43 
Ryan Nugent-Hopkins      0  0  0  -1  0   3  1  0  0  0  5/15   19:08   0:00   4:25 
Tyler Myers              0  0  0  -1  2   1  1  2  0  0  0/0    17:40   0:00   0:10 
Zach Hyman               0  0  0   0  0   1  4  0  0  0  0/1    17:48   0:00   7:52 

Players Stats for Avalanche

Player Name              G  A  P  +/- PIM S  H  SB GA TA FO     MP     PP MP  PK MP  
------------------------------------------------------------------------------------
Alexander Steen          0  0  0   0  0   5  0  0  0  0  1/1    18:04   5:34   0:00 
Alexandre Burrows        0  0  0  -1  0   0  0  0  0  0  0/1     7:23   0:00   0:00 
Brandon Carlo            0  0  0   0  0   1  0  0  0  0  0/0    14:35   0:23   0:00 
Chris Tierney            0  0  0  -1  0   0  0  0  0  0  1/1     7:23   0:00   0:00 
David Krejci             0  0  0  -2  0   0  0  0  0  0  15/27  21:14   6:36   0:00 
Derek Stepan             0  0  0  -2  0   2  0  0  0  0  1/2    20:30   6:13   0:00 
Deryk Engelland          0  0  0   0  0   0  1  0  0  0  0/0    16:24   0:00   0:00 
Dylan Larkin             1  0  1   1  0   4  1  0  0  0  0/0    13:07   0:00   0:00 
Jaccob Slavin            0  1  1  -1  0   1  0  1  0  0  0/0    21:31   6:19   0:00 
Kevin Shattenkirk        1  1  2   0  0   4  3  0  0  0  0/0    23:35   5:56   0:00 
Martin Hanzal            0  1  1   0  0   3  1  0  0  0  9/20   19:04   6:13   0:00 
Mats Zuccarello          0  0  0  -1  0   5  5  0  0  0  2/2    20:47   6:36   0:00 
Matt Cullen              0  0  0  -1  0   0  0  0  0  0  5/7     8:25   1:02   0:00 
Max Domi                 0  0  0   1  0   0  1  0  0  0  0/1    13:07   0:00   0:00 
Mitch Marner             0  1  1   0  0   5  0  0  0  0  0/0    18:43   6:13   0:00 
Sami Vatanen             0  0  0  -1  0   1  2  2  0  0  0/0    22:11   6:30   0:00 
Tomas Hertl              0  0  0   1  0   1  1  0  0  0  8/16   13:07   0:00   0:00 
Zach Werenski            0  0  0  -1  0   0  1  2  0  0  0/0    22:11   6:30   0:00 

3 Stars

1 - Kevin Shattenkirk (COL)
2 - Remi Elie (BUF)
3 - Brandon Saad (BUF)

Power Play

Sabres - 0 on 0 Attempt(s) - 0.00%
Avalanche - 1 on 7 Attempt(s) - 14.29%

Penalty Kill

Sabres - 6 on 7 Attempt(s) - 85.71% - Score 0 goal in Penalty Kill
Avalanche - 0 on 0 Attempt(s) - 0.00% - Score 0 goal in Penalty Kill

Team Stat

Sabres - Hits : 14 - Faceoff Wins : 36 - Blocked Shots : 11 - Penalty Minutes : 14
Avalanche - Hits : 16 - Faceoff Wins : 42 - Blocked Shots : 5 - Penalty Minutes : 0

Official

Referees : Brian Pochmara and Tim Peel
Linesman : Ryan Galloway and Don Henderson

Game Notes

No Game Note

Finance

Level 1 -- Attendance: 6500 (100.00%) -- Ticket Income 663 000 $
Level 2 -- Attendance: 4660 (93.20%) -- Ticket Income 349 500 $
Level 3 -- Attendance: 2880 (82.29%) -- Ticket Income 158 400 $
Level 4 -- Attendance: 2007 (100.00%) -- Ticket Income 90 315 $
Luxury Box -- Attendance: 1000 (100.00%) -- Ticket Income 200 000 $
Game was played at the Pepsi Center.
Total Attendance: 17047 (94.67%)
Total Ticket Income: 1 461 215 $
Other Income: 219 182 $
Total Income: 1 680 397 $

% Time on Ice - Sabres

Lines # - Real PCT - Wanted PCT - Time Play
Normal Forward
1 - 33% - 40% - 15:43
2 - 31% - 35% - 14:43
3 - 21% - 20% - 9:56
4 - 14% - 5% - 6:49
Normal Defense
1 - 35% - 42% - 16:39
2 - 37% - 33% - 17:31
3 - 28% - 20% - 13:01
4 - 0% - 5% - 0:00
PP Forward
1 - 0% - 60%
2 - 0% - 40%
PP Defense
1 - 0% - 60%
2 - 0% - 40%
PK Forward
1 - 66% - 60% - 8:24
2 - 34% - 40% - 4:25
PK Defense
1 - 48% - 60% - 6:06
2 - 52% - 40% - 6:43
PK3 Forward
1 - 0% - 60%
2 - 0% - 40%
PK3 Defense
1 - 0% - 60%
2 - 0% - 40%
44 Forward
1 - 0% - 60%
2 - 0% - 40%
44 Defense
1 - 0% - 60%
2 - 0% - 40%
Last Minute Offensive  - 0:00
Last Minute Defensive  - 0:00
Total
Forward - 60:00
Defense - 60:00

% Time on Ice - Avalanche

Lines # - Real PCT - Wanted PCT - Time Play
Normal Forward
1 - 30% - 32% - 14:11
2 - 26% - 30% - 12:30
3 - 28% - 30% - 13:07
4 - 16% - 8% - 7:23
Normal Defense
1 - 32% - 32% - 15:06
2 - 33% - 30% - 15:41
3 - 30% - 28% - 14:12
4 - 5% - 10% - 2:12
PP Forward
1 - 51% - 50% - 6:36
2 - 49% - 50% - 6:13
PP Defense
1 - 49% - 50% - 6:19
2 - 51% - 50% - 6:30
PK Forward
1 - 0% - 60%
2 - 0% - 40%
PK Defense
1 - 0% - 60%
2 - 0% - 40%
PK3 Forward
1 - 0% - 60%
2 - 0% - 40%
PK3 Defense
1 - 0% - 60%
2 - 0% - 40%
44 Forward
1 - 0% - 50%
2 - 0% - 50%
44 Defense
1 - 0% - 50%
2 - 0% - 50%
Last Minute Offensive  - 0:00
Last Minute Defensive  - 0:00
Total
Forward - 60:00
Defense - 60:00

Play by Play

1st period


0:01 of 1st period - David Krejci wins face-off versus Kyle Turris in neutral zone.
0:07 of 1st period - Icing by Rasmus Ristolainen.
0:08 of 1st period - Kyle Turris wins face-off versus Martin Hanzal in Sabres zone.
0:23 of 1st period - Shot by Nino Niederreiter.
0:23 of 1st period - Shot Blocked by Sami Vatanen.
0:25 of 1st period - Shot by Dan Girardi.
0:25 of 1st period - Shot Misses the Net.
0:27 of 1st period - Shot by Anders Lee.
0:27 of 1st period - Stopped by Jimmy Howard without a rebound.
0:28 of 1st period - Brandon Saad wins face-off versus Tomas Hertl in Avalanche zone.
0:55 of 1st period - Icing by Deryk Engelland.
0:56 of 1st period - Tomas Hertl wins face-off versus Jason Zucker in Avalanche zone.
1:57 of 1st period - Shot by Derek Stepan.
1:57 of 1st period - Stopped by Matt Murray with a rebound.
2:34 of 1st period - Minor Penalty to Tyler Myers for Tripping.
2:35 of 1st period - David Krejci wins face-off versus Jean-Gabriel Pageau in Sabres zone.
3:29 of 1st period - Shot by Kevin Shattenkirk.
3:29 of 1st period - Goal by Kevin Shattenkirk - Sabres : 0 - Avalanche : 1.
3:30 of 1st period - Matt Cullen wins face-off versus Remi Elie in neutral zone.
3:51 of 1st period - Icing by Brandon Carlo.
3:52 of 1st period - Ryan Nugent-Hopkins wins face-off versus Matt Cullen in Avalanche zone.
3:57 of 1st period - Shot by Josh Bailey.
3:57 of 1st period - Deflect By Ryan Nugent-Hopkins.
3:57 of 1st period - Stopped by Jimmy Howard without a rebound.
3:58 of 1st period - Martin Hanzal wins face-off versus Ryan Nugent-Hopkins in Avalanche zone.
4:17 of 1st period - Shot by Martin Hanzal.
4:17 of 1st period - Stopped by Matt Murray with a rebound.
4:19 of 1st period - Shot by Jaccob Slavin.
4:19 of 1st period - Shot Blocked by Rasmus Ristolainen.
4:25 of 1st period - Shot by Mitch Marner.
4:25 of 1st period - Stopped by Matt Murray without a rebound.
4:26 of 1st period - David Krejci wins face-off versus Kyle Turris in Sabres zone.
4:47 of 1st period - Shot by David Krejci.
4:47 of 1st period - Deflect By Mats Zuccarello.
4:47 of 1st period - Stopped by Matt Murray without a rebound.
4:48 of 1st period - Tomas Hertl wins face-off versus Jean-Gabriel Pageau in Sabres zone.
5:10 of 1st period - Icing by Adam Pelech.
5:11 of 1st period - Jean-Gabriel Pageau wins face-off versus David Krejci in Sabres zone.
5:19 of 1st period - Jean-Gabriel Pageau is hit by Mats Zuccarello.
5:24 of 1st period - Off-side.
5:25 of 1st period - Martin Hanzal wins face-off versus Ryan Nugent-Hopkins in neutral zone.
5:42 of 1st period - Shot by Brandon Saad.
5:42 of 1st period - Stopped by Jimmy Howard without a rebound.
5:43 of 1st period - Kyle Turris wins face-off versus Max Domi in Avalanche zone.
5:48 of 1st period - Shot by Nino Niederreiter.
5:48 of 1st period - Shot Blocked by Sami Vatanen.
5:53 of 1st period - Icing by Dylan Larkin.
5:54 of 1st period - Ryan Nugent-Hopkins wins face-off versus Tomas Hertl in Avalanche zone.
5:54 of 1st period - Rasmus Ristolainen is hit by Sami Vatanen and loses puck.
6:07 of 1st period - Shot by Dylan Larkin.
6:07 of 1st period - Stopped by Matt Murray without a rebound.
6:08 of 1st period - David Krejci wins face-off versus Kyle Turris in Sabres zone.
6:30 of 1st period - Jake McCabe is hit by Mats Zuccarello and loses puck.
7:15 of 1st period - Off-side.
7:16 of 1st period - Tomas Hertl wins face-off versus Jean-Gabriel Pageau in neutral zone.
7:45 of 1st period - Shot by Max Domi.
7:45 of 1st period - Shot Blocked by Ryan Murray.
7:47 of 1st period - Shot by Tomas Hertl.
7:47 of 1st period - Shot Misses the Net.
7:49 of 1st period - Shot by Zach Werenski.
7:49 of 1st period - Shot Blocked by Ryan Murray.
7:51 of 1st period - Shot by Dylan Larkin.
7:51 of 1st period - Shot Hit the Post.
7:53 of 1st period - Shot by Sami Vatanen.
7:53 of 1st period - Shot Misses the Net.
8:04 of 1st period - Icing by Jean-Gabriel Pageau.
8:05 of 1st period - Jean-Gabriel Pageau wins face-off versus Martin Hanzal in Sabres zone.
9:01 of 1st period - Icing by Brandon Carlo.
9:02 of 1st period - Mats Zuccarello wins face-off versus Ryan Nugent-Hopkins in Avalanche zone.
9:40 of 1st period - Shot by Brandon Saad.
9:40 of 1st period - Stopped by Jimmy Howard without a rebound.
9:41 of 1st period - Tomas Hertl wins face-off versus Kyle Turris in Avalanche zone.
9:47 of 1st period - Zach Werenski is hit by Tyler Myers.
10:18 of 1st period - Icing by Zach Werenski.
10:19 of 1st period - Tomas Hertl wins face-off versus Hunter Shinkaruk in Avalanche zone.
12:24 of 1st period - Jake McCabe is hit by Martin Hanzal and loses puck.
12:55 of 1st period - Icing by Kyle Turris.
12:56 of 1st period - Matt Cullen wins face-off versus Nino Niederreiter in Sabres zone.
12:58 of 1st period - Alexandre Burrows is hit by Ryan Murray.
12:59 of 1st period - Minor Penalty to Adam Pelech for Slashing.
13:00 of 1st period - Jean-Gabriel Pageau wins face-off versus David Krejci in Sabres zone.
13:29 of 1st period - Shot by Mats Zuccarello.
13:29 of 1st period - Shot Misses the Net.
13:48 of 1st period - Icing by Mats Zuccarello.
13:49 of 1st period - David Krejci wins face-off versus Jean-Gabriel Pageau in Avalanche zone.
13:49 of 1st period - David Krejci is hit by Zach Hyman.
14:22 of 1st period - Icing by Martin Hanzal.
14:23 of 1st period - Martin Hanzal wins face-off versus Jean-Gabriel Pageau in Avalanche zone.
14:23 of 1st period - Martin Hanzal is hit by Zach Hyman.
15:06 of 1st period - Shot by Mats Zuccarello.
15:06 of 1st period - Shot Blocked by Nino Niederreiter.
16:13 of 1st period - Shot by Josh Bailey.
16:13 of 1st period - Stopped by Jimmy Howard without a rebound.
16:14 of 1st period - Chris Tierney wins face-off versus Hunter Shinkaruk in Avalanche zone.
17:02 of 1st period - Shot by Jean-Gabriel Pageau.
17:02 of 1st period - Stopped by Jimmy Howard with a rebound.
17:08 of 1st period - Shot by Jason Zucker.
17:08 of 1st period - Shot Blocked by Zach Werenski.
17:10 of 1st period - Shot by Zach Hyman.
17:10 of 1st period - Shot Misses the Net.
17:12 of 1st period - Shot by Jean-Gabriel Pageau.
17:12 of 1st period - Shot Misses the Net.
17:14 of 1st period - Shot by Jean-Gabriel Pageau.
17:14 of 1st period - Stopped by Jimmy Howard without a rebound.
17:15 of 1st period - Derek Stepan wins face-off versus Kyle Turris in Avalanche zone.
17:30 of 1st period - Shot by Kevin Shattenkirk.
17:30 of 1st period - Stopped by Matt Murray with a rebound.
17:40 of 1st period - Shot by Anders Lee.
17:40 of 1st period - Stopped by Jimmy Howard without a rebound.
17:41 of 1st period - Martin Hanzal wins face-off versus Ryan Nugent-Hopkins in Avalanche zone.
18:23 of 1st period - Icing by Ryan Murray.
18:24 of 1st period - Josh Bailey wins face-off versus David Krejci in Sabres zone.
18:59 of 1st period - Shot by Mats Zuccarello.
18:59 of 1st period - Shot Misses the Net.
19:33 of 1st period - Shot by Tomas Hertl.
19:33 of 1st period - Stopped by Matt Murray without a rebound.
19:34 of 1st period - Martin Hanzal wins face-off versus Jean-Gabriel Pageau in Sabres zone.
Goals for this period are 0 for Sabres vs 1 for Avalanche.
Shots for this period are 8 for Sabres vs 8 for Avalanche.

2nd period


0:01 of 2nd period - David Krejci wins face-off versus Nino Niederreiter in neutral zone.
0:06 of 2nd period - Rasmus Ristolainen is hit by Mats Zuccarello and loses puck.
0:27 of 2nd period - Dan Girardi is hit by Mats Zuccarello and loses puck.
0:36 of 2nd period - Shot by Mats Zuccarello.
0:36 of 2nd period - Stopped by Matt Murray without a rebound.
0:37 of 2nd period - Ryan Nugent-Hopkins wins face-off versus Tomas Hertl in Sabres zone.
1:08 of 2nd period - Shot by Josh Bailey.
1:08 of 2nd period - Shot Misses the Net.
1:16 of 2nd period - Shot by Brandon Saad.
1:16 of 2nd period - Shot Misses the Net.
2:03 of 2nd period - Shot by Alexander Steen.
2:03 of 2nd period - Shot Misses the Net.
2:05 of 2nd period - Shot by Alexander Steen.
2:05 of 2nd period - Stopped by Matt Murray without a rebound.
2:06 of 2nd period - Kyle Turris wins face-off versus Derek Stepan in Sabres zone.
2:17 of 2nd period - Shot by Anders Lee.
2:17 of 2nd period - Shot Misses the Net.
2:37 of 2nd period - Shot by Anders Lee.
2:37 of 2nd period - Shot Misses the Net.
3:16 of 2nd period - Shot by Alexandre Burrows.
3:16 of 2nd period - Shot Blocked by Tyler Myers.
3:22 of 2nd period - Alexandre Burrows is hit by Brandon Saad and loses puck.
3:44 of 2nd period - Minor Penalty to Josh Bailey for Slashing.
3:45 of 2nd period - Jean-Gabriel Pageau wins face-off versus Martin Hanzal in Sabres zone.
5:16 of 2nd period - Shot by Ryan Nugent-Hopkins.
5:16 of 2nd period - Stopped by Jimmy Howard without a rebound.
5:17 of 2nd period - Jean-Gabriel Pageau wins face-off versus Martin Hanzal in Avalanche zone.
5:20 of 2nd period - Shot by Zach Hyman.
5:20 of 2nd period - Stopped by Jimmy Howard without a rebound.
5:21 of 2nd period - Jean-Gabriel Pageau wins face-off versus David Krejci in Avalanche zone.
5:45 of 2nd period - Brandon Saad is hit by Dylan Larkin and loses puck.
5:53 of 2nd period - Deryk Engelland is hit by Brandon Saad and loses puck.
6:36 of 2nd period - Shot by Alexandre Burrows.
6:36 of 2nd period - Shot Blocked by Tyler Myers.
6:53 of 2nd period - Icing by Jaccob Slavin.
6:54 of 2nd period - Kyle Turris wins face-off versus Alexandre Burrows in Avalanche zone.
7:13 of 2nd period - Shot by Kyle Turris.
7:13 of 2nd period - Stopped by Jimmy Howard without a rebound.
7:14 of 2nd period - David Krejci wins face-off versus Jean-Gabriel Pageau in Avalanche zone.
7:16 of 2nd period - Icing by Derek Stepan.
7:17 of 2nd period - Jean-Gabriel Pageau wins face-off versus David Krejci in Avalanche zone.
7:18 of 2nd period - Shot by Jason Zucker.
7:18 of 2nd period - Deflect By Jean-Gabriel Pageau.
7:18 of 2nd period - Stopped by Jimmy Howard without a rebound.
7:19 of 2nd period - Kyle Turris wins face-off versus David Krejci in Avalanche zone.
7:20 of 2nd period - Shot by Rasmus Ristolainen.
7:20 of 2nd period - Stopped by Jimmy Howard with a rebound.
7:39 of 2nd period - Derek Stepan is hit by Dan Girardi.
7:43 of 2nd period - Shot by Mats Zuccarello.
7:43 of 2nd period - Shot Misses the Net.
7:53 of 2nd period - Shot by Sami Vatanen.
7:53 of 2nd period - Shot Blocked by Dan Girardi.
8:59 of 2nd period - Icing by Jaccob Slavin.
9:00 of 2nd period - Ryan Nugent-Hopkins wins face-off versus Tomas Hertl in Avalanche zone.
9:00 of 2nd period - Josh Bailey is hit by Kevin Shattenkirk and loses puck.
9:17 of 2nd period - Shot by Kevin Shattenkirk.
9:17 of 2nd period - Shot Misses the Net.
9:21 of 2nd period - Shot by Dylan Larkin.
9:21 of 2nd period - Goal by Dylan Larkin - Sabres : 0 - Avalanche : 2.
9:22 of 2nd period - Mats Zuccarello wins face-off versus Kyle Turris in neutral zone.
9:25 of 2nd period - Shot by David Krejci.
9:25 of 2nd period - Deflect By Derek Stepan.
9:25 of 2nd period - Stopped by Matt Murray without a rebound.
9:26 of 2nd period - Kyle Turris wins face-off versus David Krejci in Sabres zone.
9:39 of 2nd period - Nino Niederreiter is hit by Zach Werenski and loses puck.
9:51 of 2nd period - Nino Niederreiter is hit by Sami Vatanen and loses puck.
10:00 of 2nd period - Shot by Anders Lee.
10:00 of 2nd period - Goal by Anders Lee - Sabres : 1 - Avalanche : 2.
10:01 of 2nd period - Martin Hanzal wins face-off versus Ryan Nugent-Hopkins in neutral zone.
10:55 of 2nd period - Mitch Marner is hit by Ryan Nugent-Hopkins and loses puck.
11:21 of 2nd period - Icing by Zach Werenski.
11:22 of 2nd period - Tomas Hertl wins face-off versus Kyle Turris in Avalanche zone.
11:50 of 2nd period - Shot by Nino Niederreiter.
11:50 of 2nd period - Stopped by Jimmy Howard without a rebound.
11:51 of 2nd period - Jean-Gabriel Pageau wins face-off versus David Krejci in Avalanche zone.
12:08 of 2nd period - Mats Zuccarello is hit by Zach Hyman and loses puck.
12:21 of 2nd period - Shot by Jason Zucker.
12:21 of 2nd period - Shot Misses the Net.
12:23 of 2nd period - Shot by Rasmus Ristolainen.
12:23 of 2nd period - Shot Misses the Net.
13:40 of 2nd period - Shot by Tomas Hertl.
13:40 of 2nd period - Shot Misses the Net.
13:42 of 2nd period - Shot by Tomas Hertl.
13:42 of 2nd period - Shot Blocked by Ryan Murray.
14:04 of 2nd period - Shot by Max Domi.
14:04 of 2nd period - Shot Misses the Net.
14:34 of 2nd period - Off-side.
14:35 of 2nd period - David Krejci wins face-off versus Zach Hyman in neutral zone.
15:45 of 2nd period - Shot by Mitch Marner.
15:45 of 2nd period - Deflect By Alexander Steen.
15:45 of 2nd period - Stopped by Matt Murray without a rebound.
15:45 of 2nd period - Minor Penalty to Adam Pelech for Hooking.
15:46 of 2nd period - Martin Hanzal wins face-off versus Jean-Gabriel Pageau in Sabres zone.
15:47 of 2nd period - Shot by Mitch Marner.
15:47 of 2nd period - Stopped by Matt Murray with a rebound.
15:49 of 2nd period - Shot by Sami Vatanen.
15:49 of 2nd period - Stopped by Matt Murray without a rebound.
15:50 of 2nd period - Jean-Gabriel Pageau wins face-off versus Martin Hanzal in Sabres zone.
16:05 of 2nd period - Shot by Mitch Marner.
16:05 of 2nd period - Stopped by Matt Murray with a rebound.
16:21 of 2nd period - Shot by Sami Vatanen.
16:21 of 2nd period - Shot Blocked by Rasmus Ristolainen.
16:48 of 2nd period - Shot by Ryan Nugent-Hopkins.
16:48 of 2nd period - Stopped by Jimmy Howard without a rebound.
16:49 of 2nd period - David Krejci wins face-off versus Ryan Nugent-Hopkins in Avalanche zone.
17:37 of 2nd period - Off-side.
17:38 of 2nd period - Jean-Gabriel Pageau wins face-off versus Martin Hanzal in neutral zone.
18:10 of 2nd period - Max Domi is hit by Rasmus Ristolainen and loses puck.
18:29 of 2nd period - Kyle Turris is hit by Max Domi.
19:01 of 2nd period - Shot by Hunter Shinkaruk.
19:01 of 2nd period - Shot Misses the Net.
19:03 of 2nd period - Shot by Hunter Shinkaruk.
19:03 of 2nd period - Deflect By Remi Elie.
19:03 of 2nd period - Stopped by Jimmy Howard with a rebound.
19:05 of 2nd period - Shot by Remi Elie.
19:05 of 2nd period - Shot Blocked by Jaccob Slavin.
19:07 of 2nd period - Shot by Remi Elie.
19:07 of 2nd period - Goal by Remi Elie - Sabres : 2 - Avalanche : 2.
19:08 of 2nd period - Martin Hanzal wins face-off versus Ryan Nugent-Hopkins in neutral zone.
19:46 of 2nd period - Shot by Mitch Marner.
19:46 of 2nd period - Shot Misses the Net.
Goals for this period are 2 for Sabres vs 1 for Avalanche.
Shots for this period are 10 for Sabres vs 8 for Avalanche.

3rd period


0:01 of 3rd period - David Krejci wins face-off versus Kyle Turris in neutral zone.
0:03 of 3rd period - Minor Penalty to Rasmus Ristolainen for Hooking.
0:04 of 3rd period - Jean-Gabriel Pageau wins face-off versus Martin Hanzal in Sabres zone.
1:17 of 3rd period - Shot by Mats Zuccarello.
1:17 of 3rd period - Stopped by Matt Murray with a rebound.
1:39 of 3rd period - Shot by Alexander Steen.
1:39 of 3rd period - Shot Misses the Net.
2:24 of 3rd period - Nino Niederreiter is hit by Deryk Engelland and loses puck.
2:34 of 3rd period - Icing by Brandon Carlo.
2:35 of 3rd period - Tomas Hertl wins face-off versus Hunter Shinkaruk in Avalanche zone.
2:55 of 3rd period - Icing by Tyler Myers.
2:56 of 3rd period - Matt Cullen wins face-off versus Hunter Shinkaruk in Sabres zone.
3:54 of 3rd period - Shot by Derek Stepan.
3:54 of 3rd period - Shot Misses the Net.
4:03 of 3rd period - Remi Elie is hit by Kevin Shattenkirk.
4:40 of 3rd period - Martin Hanzal is hit by Rasmus Ristolainen.
4:46 of 3rd period - Shot by Martin Hanzal.
4:46 of 3rd period - Stopped by Matt Murray without a rebound.
4:47 of 3rd period - Ryan Nugent-Hopkins wins face-off versus Tomas Hertl in Sabres zone.
4:56 of 3rd period - Shot by Brandon Saad.
4:56 of 3rd period - Shot Misses the Net.
5:18 of 3rd period - Shot by Ryan Nugent-Hopkins.
5:18 of 3rd period - Deflect By Josh Bailey.
5:18 of 3rd period - Shot Blocked by Zach Werenski.
5:41 of 3rd period - Icing by Rasmus Ristolainen.
5:42 of 3rd period - David Krejci wins face-off versus Jean-Gabriel Pageau in Sabres zone.
6:45 of 3rd period - Icing by Mats Zuccarello.
6:46 of 3rd period - Nino Niederreiter wins face-off versus David Krejci in Avalanche zone.
6:46 of 3rd period - Kyle Turris is hit by Kevin Shattenkirk and loses puck.
7:18 of 3rd period - Off-side.
7:19 of 3rd period - Tomas Hertl wins face-off versus Ryan Nugent-Hopkins in neutral zone.
8:51 of 3rd period - Shot by Martin Hanzal.
8:51 of 3rd period - Stopped by Matt Murray without a rebound.
8:52 of 3rd period - Matt Cullen wins face-off versus Kyle Turris in Sabres zone.
10:05 of 3rd period - Shot by Tyler Myers.
10:05 of 3rd period - Stopped by Jimmy Howard without a rebound.
10:06 of 3rd period - Jean-Gabriel Pageau wins face-off versus David Krejci in Avalanche zone.
11:06 of 3rd period - Zach Werenski is hit by Remi Elie and loses puck.
11:25 of 3rd period - Shot by Mitch Marner.
11:25 of 3rd period - Stopped by Matt Murray without a rebound.
11:25 of 3rd period - Minor Penalty to Matt Murray for Slashing.
11:26 of 3rd period - David Krejci wins face-off versus Jean-Gabriel Pageau in Sabres zone.
11:33 of 3rd period - Shot by Mats Zuccarello.
11:33 of 3rd period - Stopped by Matt Murray without a rebound.
11:34 of 3rd period - Jean-Gabriel Pageau wins face-off versus Martin Hanzal in Sabres zone.
11:47 of 3rd period - Shot by Kevin Shattenkirk.
11:47 of 3rd period - Stopped by Matt Murray without a rebound.
11:48 of 3rd period - Jean-Gabriel Pageau wins face-off versus David Krejci in Sabres zone.
11:59 of 3rd period - Shot by Alexander Steen.
11:59 of 3rd period - Stopped by Matt Murray without a rebound.
12:00 of 3rd period - Jean-Gabriel Pageau wins face-off versus Martin Hanzal in Sabres zone.
12:21 of 3rd period - Shot by Mitch Marner.
12:21 of 3rd period - Shot Misses the Net.
12:23 of 3rd period - Shot by Jaccob Slavin.
12:23 of 3rd period - Stopped by Matt Murray without a rebound.
12:24 of 3rd period - David Krejci wins face-off versus Ryan Nugent-Hopkins in Sabres zone.
12:29 of 3rd period - Shot by Mats Zuccarello.
12:29 of 3rd period - Shot Blocked by Rasmus Ristolainen.
12:31 of 3rd period - Shot by Zach Werenski.
12:31 of 3rd period - Shot Misses the Net.
12:33 of 3rd period - Shot by Alexander Steen.
12:33 of 3rd period - Stopped by Matt Murray with a rebound.
12:35 of 3rd period - Shot by Sami Vatanen.
12:35 of 3rd period - Shot Misses the Net.
12:37 of 3rd period - Shot by Mats Zuccarello.
12:37 of 3rd period - Shot Blocked by Rasmus Ristolainen.
12:39 of 3rd period - Shot by Mats Zuccarello.
12:39 of 3rd period - Stopped by Matt Murray without a rebound.
12:40 of 3rd period - Jean-Gabriel Pageau wins face-off versus Martin Hanzal in Sabres zone.
13:44 of 3rd period - Shot by Dylan Larkin.
13:44 of 3rd period - Stopped by Matt Murray with a rebound.
13:46 of 3rd period - Shot by Brandon Carlo.
13:46 of 3rd period - Stopped by Matt Murray without a rebound.
13:47 of 3rd period - Kyle Turris wins face-off versus Matt Cullen in Sabres zone.
13:54 of 3rd period - Shot by Anders Lee.
13:54 of 3rd period - Stopped by Jimmy Howard with a rebound.
13:56 of 3rd period - Shot by Anders Lee.
13:56 of 3rd period - Deflect By Nino Niederreiter.
13:56 of 3rd period - Stopped by Jimmy Howard without a rebound.
13:57 of 3rd period - David Krejci wins face-off versus Josh Bailey in Avalanche zone.
14:35 of 3rd period - Shot by David Krejci.
14:35 of 3rd period - Shot Misses the Net.
15:09 of 3rd period - Shot by Kyle Turris.
15:09 of 3rd period - Stopped by Jimmy Howard without a rebound.
15:10 of 3rd period - Jean-Gabriel Pageau wins face-off versus Tomas Hertl in Avalanche zone.
15:17 of 3rd period - Shot by Jason Zucker.
15:17 of 3rd period - Stopped by Jimmy Howard without a rebound.
15:18 of 3rd period - Jean-Gabriel Pageau wins face-off versus Martin Hanzal in Avalanche zone.
15:31 of 3rd period - Shot by Mitch Marner.
15:31 of 3rd period - Stopped by Matt Murray with a rebound.
15:55 of 3rd period - Shot by Alexander Steen.
15:55 of 3rd period - Stopped by Matt Murray without a rebound.
15:56 of 3rd period - Kyle Turris wins face-off versus Tomas Hertl in Sabres zone.
15:56 of 3rd period - Kyle Turris is hit by Tomas Hertl.
16:05 of 3rd period - Minor Penalty to Dan Girardi for Hooking.
16:06 of 3rd period - David Krejci wins face-off versus Jean-Gabriel Pageau in Sabres zone.
16:43 of 3rd period - Icing by Alexander Steen.
16:44 of 3rd period - Alexander Steen wins face-off versus Jean-Gabriel Pageau in Avalanche zone.
16:44 of 3rd period - Alexander Steen is hit by Zach Hyman.
17:54 of 3rd period - Rasmus Ristolainen is hit by Mats Zuccarello and loses puck.
18:24 of 3rd period - Tomas Hertl is hit by Dan Girardi and loses puck.
18:33 of 3rd period - Shot by Dylan Larkin.
18:33 of 3rd period - Stopped by Matt Murray without a rebound.
18:34 of 3rd period - Matt Cullen wins face-off versus Ryan Nugent-Hopkins in Sabres zone.
18:44 of 3rd period - Shot by Kevin Shattenkirk.
18:44 of 3rd period - Stopped by Matt Murray with a rebound.
18:46 of 3rd period - Shot by Matt Cullen.
18:46 of 3rd period - Shot Misses the Net.
19:06 of 3rd period - Shot by Ryan Nugent-Hopkins.
19:06 of 3rd period - Shot Misses the Net.
19:46 of 3rd period - Icing by Ryan Murray.
19:47 of 3rd period - Nino Niederreiter wins face-off versus Tomas Hertl in Sabres zone.
Goals for this period are 0 for Sabres vs 0 for Avalanche.
Shots for this period are 5 for Sabres vs 16 for Avalanche.

Overtime #1


0:01 of 1st overtime period - Martin Hanzal wins face-off versus Kyle Turris in neutral zone.
0:20 of 1st overtime period - Shot by Kyle Turris.
0:20 of 1st overtime period - Stopped by Jimmy Howard without a rebound.
0:21 of 1st overtime period - Jean-Gabriel Pageau wins face-off versus David Krejci in Avalanche zone.
0:26 of 1st overtime period - Shot by Brandon Saad.
0:26 of 1st overtime period - Goal by Brandon Saad - Sabres : 3 - Avalanche : 2.
Goals for this period are 1 for Sabres vs 0 for Avalanche.
Shots for this period are 2 for Sabres vs 0 for Avalanche.